 Dungeon Crawl Stone Soup version 0.22-a0-162-g33bf127 (webtiles) character file.

764 mhoghedin the Vexing (level 7, -3/53 HPs)
             Began as a Gnoll Arcane Marksman on Feb 12, 2018.
             Was a Believer of Cheibriados.
             Slain by a gnoll
             ... wielding a +0 spear
              (9 damage)
             ... on level 5 of the Dungeon.
             The game lasted 00:06:25 (3408 turns).

mhoghedin the Vexing (Gnoll Arcane Marksman)        Turns: 3408, Time: 00:06:25

Health: -3/53      AC:  4    Str: 18    XL:     7   Next: 81%
Magic:  3/12       EV: 16    Int: 20    God:    Cheibriados [**....]
Gold:   220        SH:  0    Dex: 19    Spells: 4/13 levels left

rFire    . . .     SeeInvis .   b - +1 hand crossbow
rCold    . . .     Gourm    .   (no shield)
rNeg     . . .     Faith    .   e - +0 robe
rPois    .         Spirit   .   (no helmet)
rElec    .         Reflect  .   m - +0 cloak
rCorr    .         Harm     .   r - +0 pair of gloves (curse)
MR       .....                  (no boots)
Stlth    +.........             (no amulet)
HPRegen  0.17/turn              (no ring)
MPRegen  0.13/turn              (no ring)

@: confused, very slow
A: distributed training, fangs 1, strong nose
a: Bend Time, Renounce Religion


You were on level 5 of the Dungeon.
You worshipped Cheibriados.
Cheibriados was pleased with you.
You were not hungry.

You visited 1 branch of the dungeon, and saw 5 of its levels.

You collected 220 gold pieces.

Inventory:

Hand Weapons
 a - a +1 dagger of venom
   (You found it on level 1 of the Dungeon)
 b - a +1 hand crossbow (weapon)
 B - a +1 mace of holy wrath
   (You found it on level 3 of the Dungeon)
Missiles
 d - 42 bolts (quivered)
 A - an exploding tomahawk
Armour
 e - a +0 robe (worn)
 m - a +0 cloak (worn)
   (You found it on level 1 of the Dungeon)
 r - a cursed +0 pair of gloves (worn)
   (You found it on level 1 of the Dungeon)
Jewellery
 w - an uncursed ring of ice {rC+, rF-}
   (You found it on level 2 of the Dungeon)
Scrolls
 g - 2 scrolls of fog {unknown}
 h - 2 scrolls of teleportation {unknown}
 i - 6 scrolls of amnesia {unknown}
 n - a scroll of remove curse {unknown}
 o - 2 scrolls of fear {unknown}
 p - 2 scrolls of random uselessness {unknown}
 v - 2 scrolls of immolation {unknown}
 x - 2 scrolls of enchant armour {unknown}
 y - 4 scrolls of identify
Potions
 j - 2 potions of mutation {unknown}
 k - a potion of cancellation {unknown}
 l - 2 potions of ambrosia
 q - a potion of berserk rage {!q}
 t - 2 potions of lignification {!q}
 u - a potion of heal wounds {unknown}
 z - a potion of might {unknown}
 C - a potion of curing {unknown}
Books
 c - a book of Debilitation
Comestibles
 f - 8 rations


   Skills:
 + Level 3.7 Fighting
 + Level 2.6 Short Blades
 + Level 2.6 Long Blades
 + Level 2.6 Axes
 + Level 2.6 Maces & Flails
 + Level 2.6 Polearms
 + Level 2.6 Staves
 + Level 2.6 Slings
 + Level 2.6 Bows
 + Level 5.3 Crossbows
 + Level 2.6 Throwing
 + Level 2.6 Armour
 + Level 5.3 Dodging
 + Level 2.6 Stealth
 + Level 2.6 Shields
 + Level 2.6 Unarmed Combat
 + Level 3.9 Spellcasting
 + Level 2.1 Conjurations
 + Level 5.9 Hexes
 + Level 2.1 Charms
 + Level 2.1 Summonings
 + Level 2.1 Necromancy
 + Level 2.1 Translocations
 + Level 2.1 Transmutations
 + Level 2.1 Fire Magic
 + Level 2.1 Ice Magic
 + Level 2.1 Air Magic
 + Level 2.1 Earth Magic
 + Level 2.1 Poison Magic
 + Level 3.0 Invocations
 + Level 2.6 Evocations


You had 4 spell levels left.
You knew the following spells:

 Your Spells              Type           Power        Failure   Level  Hunger
a - Inner Flame           Hex/Fire       ###.....     8%          3    ###....
b - Portal Projectile     Hex/Tloc       ###...       8%          3    ###....
s - Slow                  Hex            ####....     1%          2    ##.....
v - Corona                Hex            ####...      1%          1    None


Dungeon Overview and Level Annotations

Branches:
Dungeon (5/15)             Temple (0/1) D:5

Altars:
Cheibriados
Okawaru
Ru


Innate Abilities, Weirdness & Mutations

Your experience applies equally to all skills.
You have very sharp teeth.
Your uncanny sense of smell can sniff out nearby items.


Message History

You see here 27 bolts.
The sky beast misses you.
You hit the sky beast.
The sky beast is poisoned.
The sky beast misses you.
You barely miss the sky beast.
The sky beast flickers out of sight!
Deactivating autopickup; reactivate with Ctrl-A.
Something hits you. Something shocks you.
You take 8 damage, and have 44/52 hp.
No target in view!
No target in view!
No target in view!
There is a strange disturbance nearby!
You hit something. Something hits you but does no damage.
You hit something. You bite something.
A sky beast appears from thin air!
Reactivating autopickup.
The sky beast hits you but does no damage.
You hit the sky beast.
You bite the sky beast, but do no damage.
You hit the sky beast but do no damage. You bite the sky beast.
The sky beast misses you.
You completely miss the sky beast.
You bite the sky beast, but do no damage.
You kill the sky beast!
Cheibriados appreciates the change of pace.
You see here a sky beast corpse.
d - 46 bolts (gained 27)
Found a staircase to the Ecumenical Temple.
A gnoll and a centaur come into view.
There are monsters nearby!
Aim: a centaur (resting, chance to defeat MR: 67%)
The centaur shouts!
The centaur struggles to resist.
The gnoll shouts!
The centaur wields a shortbow.
The centaur shoots an arrow.
The arrow hits you!
A gnoll comes into view. It is wielding a halberd.
The gnoll shouts!
A gnoll comes into view. It is wielding a spear.
You take 8 damage, and have 40/53 hp.
You now have 10/12 mp.
The centaur shoots an arrow.
The arrow barely misses you.
The centaur shoots an arrow.
The arrow closely misses you.
You see here 2 arrows.
Okay, then.
Unknown command.
Aim: a gnoll, wielding a spear (chance to defeat MR: 75%)
The gnoll struggles to resist.
The centaur shoots an arrow.
The arrow closely misses you.
You now have 8/12 mp.
Aim: a gnoll, wielding a spear (chance to defeat MR: 75%)
The gnoll struggles to resist.
The centaur shoots an arrow.
The arrow closely misses you.
You now have 6/12 mp.
Okay, then.
Unknown command.
You begin teleporting projectiles to their destination.
You now have 3/12 mp.
Your +1 dagger of venom stops dripping with poison.
b - a +1 hand crossbow (weapon)
Firing (i - inventory. (/) - cycle)
d - 46 bolts (quivered)
Aim: a centaur, wielding a shortbow You magically shoot a bolt.
The gnoll shouts!
The bolt hits the centaur.
The gnoll barely misses you.
The centaur shoots an arrow.
The arrow misses you. The gnoll barely misses you.
Firing (i - inventory. (/) - cycle)
d - 45 bolts (quivered)
Aim: a centaur, wielding a shortbow (lightly wounded)
You magically shoot a bolt.
The bolt barely misses the centaur.
The centaur shoots an arrow.
The arrow hits you!
The centaur shoots an arrow.
The arrow barely misses you.
The gnoll hits you from afar with a spear!
The gnoll barely misses you.
You take 17 damage, and have 24/53 hp.
MASSIVE DAMAGE!!
You now have 2/12 mp.
Firing (i - inventory. (/) - cycle)
d - 44 bolts (quivered)
Aim: a centaur, wielding a shortbow (lightly wounded)
You magically shoot a bolt.
The bolt hits the centaur!
The centaur shoots an arrow.
The arrow hits you!
* * * LOW HITPOINT WARNING * * *
The gnoll barely misses you. The gnoll closely misses you.
The centaur shoots an arrow.
The arrow hits you but does no damage.
You take 10 damage, and have 14/53 hp.
You now have 1/12 mp.
Firing (i - inventory. (/) - cycle)
d - 43 bolts (quivered)
Aim: a centaur, wielding a shortbow (severely wounded)
You magically shoot a bolt.
The bolt hits the centaur!!
You kill the centaur!
Cheibriados thoroughly appreciates the change of pace.
Your Invocations skill increases to level 3!
You are no longer teleporting projectiles to their destination.
The gnoll misses you. x2
You now have 0/12 mp.
The gnoll hits you with a spear.
* * * LOW HITPOINT WARNING * * *
The gnoll closely misses you. The gnoll completely misses you.
The gnoll hits you with a spear!
* * * LOW HITPOINT WARNING * * *
The gnoll hits you but does no damage.
You take 13 damage, and have 1/53 hp.
MASSIVE DAMAGE!!
You are confused.
You feel invigorated. The gnoll hits you with a spear!
You die...

. ## #.#####
...........
#.#.#.#.#.#.
#...[[......
#.#.......#.
##...!.......
####..#...>...#.
#.......(g......
#.....#(@g....#.
#........g.)....
#######..#.#.#.#.#.
#........).........
#..†...............
#.........#####....
#.........# ....
#.........# ..
#######.###


You could see 3 gnolls.

Vanquished Creatures
  A sky beast (D:5)
  An ogre (D:4)
  A centaur (D:5)
  A scorpion (D:4)
  2 centaur skeletons (D:4)
  2 orc priests (D:4)
  3 orc wizards (D:4)
  4 worker ants (D:4)
  A hound skeleton (D:4)
  5 adders
  An adder skeleton (D:4)
  2 worms
  4 dart slugs
  3 leopard geckos
  11 orcs
  6 bats
  2 giant cockroaches
  4 goblins
  6 hobgoblins
  7 jackals
  A quokka (D:3)
  A ball python (D:1)
  3 frilled lizards
  4 kobolds
  8 rats
84 creatures vanquished.

Notes
Turn   | Place    | Note
-------+----------+-------------------------------------------
     0 | D:1      | mhoghedin the Gnoll Arcane Marksman began the quest for the Orb.
     0 | D:1      | Reached XP level 1. HP: 17/17 MP: 4/4
   436 | D:1      | Reached XP level 2. HP: 23/23 MP: 5/5
  1056 | D:2      | Reached XP level 3. HP: 27/28 MP: 7/7
  1141 | D:2      | Learned a level 2 spell: Slow
  1145 | D:2      | Learned a level 3 spell: Inner Flame
  1214 | D:2      | Found a snail-covered altar of Cheibriados.
  1230 | D:2      | Became a worshipper of Cheibriados the Contemplative
  1395 | D:2      | Found an iron altar of Okawaru.
  1621 | D:3      | Reached skill level 1 in Invocations
  1664 | D:3      | Reached skill level 1 in Short Blades
  1664 | D:3      | Reached skill level 1 in Long Blades
  1664 | D:3      | Reached skill level 1 in Axes
  1664 | D:3      | Reached skill level 1 in Maces & Flails
  1664 | D:3      | Reached skill level 1 in Polearms
  1664 | D:3      | Reached skill level 1 in Staves
  1664 | D:3      | Reached skill level 1 in Slings
  1664 | D:3      | Reached skill level 1 in Bows
  1664 | D:3      | Reached skill level 1 in Throwing
  1664 | D:3      | Reached skill level 1 in Armour
  1664 | D:3      | Reached skill level 1 in Stealth
  1664 | D:3      | Reached skill level 1 in Shields
  1664 | D:3      | Reached skill level 1 in Unarmed Combat
  1664 | D:3      | Reached skill level 1 in Evocations
  1666 | D:3      | Reached XP level 4. HP: 27/34 MP: 8/8
  1778 | D:3      | Reached skill level 3 in Spellcasting
  1790 | D:3      | Found a faded altar of an unknown god.
  1873 | D:3      | Reached * piety under Cheibriados
  1925 | D:3      | Reached skill level 1 in Conjurations
  1925 | D:3      | Reached skill level 1 in Charms
  1925 | D:3      | Reached skill level 1 in Summonings
  1925 | D:3      | Reached skill level 1 in Necromancy
  1925 | D:3      | Reached skill level 1 in Translocations
  1925 | D:3      | Reached skill level 1 in Transmutations
  1925 | D:3      | Reached skill level 1 in Fire Magic
  1925 | D:3      | Reached skill level 1 in Ice Magic
  1925 | D:3      | Reached skill level 1 in Air Magic
  1925 | D:3      | Reached skill level 1 in Earth Magic
  1925 | D:3      | Reached skill level 1 in Poison Magic
  1969 | D:3      | Found a sacrificial altar of Ru.
  2206 | D:4      | Reached XP level 5. HP: 30/40 MP: 9/9
  2220 | D:4      | Reached skill level 3 in Fighting
  2358 | D:4      | Learned a level 3 spell: Portal Projectile
  2473 | D:4      | Noticed an ogre
  2479 | D:4      | Killed an ogre
  2479 | D:4      | Reached skill level 2 in Invocations
  2479 | D:4      | Reached XP level 6. HP: 47/47 MP: 5/11
  2486 | D:4      | Reached skill level 5 in Crossbows
  2486 | D:4      | Reached skill level 5 in Dodging
  2661 | D:4      | Reached skill level 2 in Short Blades
  2661 | D:4      | Reached skill level 2 in Long Blades
  2661 | D:4      | Reached skill level 2 in Axes
  2661 | D:4      | Reached skill level 2 in Maces & Flails
  2661 | D:4      | Reached skill level 2 in Polearms
  2661 | D:4      | Reached skill level 2 in Staves
  2661 | D:4      | Reached skill level 2 in Slings
  2661 | D:4      | Reached skill level 2 in Bows
  2661 | D:4      | Reached skill level 2 in Throwing
  2661 | D:4      | Reached skill level 2 in Armour
  2661 | D:4      | Reached skill level 2 in Stealth
  2661 | D:4      | Reached skill level 2 in Shields
  2661 | D:4      | Reached skill level 2 in Unarmed Combat
  2661 | D:4      | Reached skill level 2 in Evocations
  2986 | D:4      | Reached XP level 7. HP: 47/52 MP: 7/12
  3068 | D:4      | Reached ** piety under Cheibriados
  3190 | D:4      | Reached skill level 2 in Conjurations
  3190 | D:4      | Reached skill level 2 in Charms
  3190 | D:4      | Reached skill level 2 in Summonings
  3190 | D:4      | Reached skill level 2 in Necromancy
  3190 | D:4      | Reached skill level 2 in Translocations
  3190 | D:4      | Reached skill level 2 in Transmutations
  3190 | D:4      | Reached skill level 2 in Fire Magic
  3190 | D:4      | Reached skill level 2 in Ice Magic
  3190 | D:4      | Reached skill level 2 in Air Magic
  3190 | D:4      | Reached skill level 2 in Earth Magic
  3190 | D:4      | Reached skill level 2 in Poison Magic
  3356 | D:5      | Entered Level 5 of the Dungeon
  3391 | D:5      | Found a staircase to the Ecumenical Temple.
  3406 | D:5      | Reached skill level 3 in Invocations
  3407 | D:5      | HP: 10/53 [gnoll/spear (4)]
  3407 | D:5      | HP: 1/53 [gnoll/spear (9)]
  3408 | D:5      | Slain by a gnoll

Vault maps used:
D:1:      sevenhm_arrival_forest_fort_small_4
D:2:      old_standard_altar, minmay_misc_feat_rugged, okawaru_trees_2
D:3:      marbit_many_paths, serial_forest, infiniplex_forest_clump_curved,
          infiniplex_forest_straight_3, infiniplex_forest_clump_tiny,
          infiniplex_forest_lined_corner, infiniplex_forest_end_2, first_ration,
          chequers_ecumenical_altar_simple_redux
D:4:      serial_park_tiny_1
D:5:      lemuel_coloured_pillars_altar, minmay_temple_entry_glass, uniq_pikel,
          uniq_edmund, uniq_duvessa

Skill      XL: |  1  2  3  4  5  6  7 |
---------------+----------------------+-----
Invocations    | 1 2 3 |  3.0
Short Blades   | 1 2 |  2.6
Long Blades    | 1 2 |  2.6
Axes           | 1 2 |  2.6
Maces & Flails | 1 2 |  2.6
Polearms       | 1 2 |  2.6
Staves         | 1 2 |  2.6
Slings         | 1 2 |  2.6
Bows           | 1 2 |  2.6
Throwing       | 1 2 |  2.6
Armour         | 1 2 |  2.6
Stealth        | 1 2 |  2.6
Shields        | 1 2 |  2.6
Unarmed Combat | 1 2 |  2.6
Evocations     | 1 2 |  2.6
Spellcasting   | 3 |  3.9
Conjurations   | 1 2 |  2.1
Charms         | 1 2 |  2.1
Summonings     | 1 2 |  2.1
Necromancy     | 1 2 |  2.1
Translocations | 1 2 |  2.1
Transmutations | 1 2 |  2.1
Fire Magic     | 1 2 |  2.1
Ice Magic      | 1 2 |  2.1
Air Magic      | 1 2 |  2.1
Earth Magic    | 1 2 |  2.1
Poison Magic   | 1 2 |  2.1
Fighting       | 3 |  3.7
Crossbows      | 5 |  5.3
Dodging        | 5 |  5.3
Hexes          | |  5.9

Action                   |  1- 3 |  4- 6 |  7- 9 || total
-------------------------+-------+-------+-------++-------
Melee: Mace              |    47 |     8 |       ||    55
       Unarmed           |    10 |       |       ||    10
       Bite              |     9 |    10 |     8 ||    27
       Dagger            |    58 |   104 |    60 ||   222
 Fire: Hand crossbow     |       |    10 |     4 ||    14
Throw: Tomahawk          |       |     1 |       ||     1
 Cast: Slow              |       |     4 |     4 ||     8
       Inner Flame       |       |     3 |     1 ||     4
       Portal Projectile |       |       |     1 ||     1
  Use: Scroll            |     5 |       |       ||     5
       Potion            |       |       |     1 ||     1
 Stab: Sleeping          |     2 |     1 |     2 ||     5
       Distracted        |       |     2 |     1 ||     3
  Eat: Chunk             |     2 |     2 |       ||     4
       Ration            |       |     1 |       ||     1
Armor: Robe              |    34 |    16 |     8 ||    58
Dodge: Dodged            |   123 |    87 |    44 ||   254

Table legend:
 A = Spawn XP
 B = Non-spawn XP
 C = Spawn XP percentage of total XP
 D = Spawn monster count
 E = Non-spawn monster count
 F = Spawn count percentage of total count
 G = Total turns spent on level
                    A         B        C        D         E        F      G
               +---------+---------+-------+---------+---------+-------+---------
         Total |       0 |    1092 |   0.0 |       0 |      84 |   0.0 |  3408
               +---------+---------+-------+---------+---------+-------+---------
           D:1 |       0 |      30 |   0.0 |       0 |      16 |   0.0 |  1010
           D:2 |       0 |      20 |   0.0 |       0 |       9 |   0.0 |   584
           D:3 |       0 |      92 |   0.0 |       0 |      27 |   0.0 |   724
           D:4 |       0 |     695 |   0.0 |       0 |      29 |   0.0 |  1038
           D:5 |       0 |     255 |   0.0 |       0 |       3 |   0.0 |    52
               +---------+---------+-------+---------+---------+-------+---------

Vault maps used:
D:1:      sevenhm_arrival_forest_fort_small_4
D:2:      old_standard_altar, minmay_misc_feat_rugged, okawaru_trees_2
D:3:      marbit_many_paths, serial_forest, infiniplex_forest_clump_curved,
          infiniplex_forest_straight_3, infiniplex_forest_clump_tiny,
          infiniplex_forest_lined_corner, infiniplex_forest_end_2, first_ration,
          chequers_ecumenical_altar_simple_redux
D:4:      serial_park_tiny_1
D:5:      lemuel_coloured_pillars_altar, minmay_temple_entry_glass, uniq_pikel,
          uniq_edmund, uniq_duvessa

Table legend:
 A = Turns spent in this place as a percentage of turns spent in the entire game.
 B = Non-inter-level travel turns spent in this place as a percentage of non-inter-level travel turns spent in the entire game.
 C = Inter-level travel turns spent in this place as a percentage of turns spent in this place.
 D = Turns resting spent in this place as a percentage of non-inter-level travel turns spent in this place.
 E = Turns spent auto-exploring this place as a percentage of non-inter-level travel turns spent in this place.
 F = Non-inter-level travel turns spent in this place divided by the number of levels of this place that you've seen.
                   A       B       C       D       E      F
               +-------+-------+-------+-------+-------+----------------------
         Total | 100.0 | 100.0 |   4.8 |  21.0 |  57.3 | 649.0
       Dungeon | 100.0 | 100.0 |   4.8 |  21.0 |  57.3 | 649.0
               +-------+-------+-------+-------+-------+----------------------

Table legend:
 A = Kills in this place as a percentage of kills in entire the game.
 B = Kills by you in this place as a percentage of kills by you in the entire game.
 C = Kills by friends in this place as a percentage of kills by friends in the entire game.
 D = Other kills in this place as a percentage of other kills in the entire game.
 E = Experience gained in this place as a percentage of experience gained in the entire game.
 F = Experience gained in this place divided by the number of levels of this place that you have seen.
                   A       B       C       D       E      F
               +-------+-------+-------+-------+-------+----------------------
         Total | 100.0 | 100.0 |   N/A |   N/A | 100.0 | 218.4
       Dungeon | 100.0 | 100.0 |   N/A |   N/A | 100.0 | 218.4
               +-------+-------+-------+-------+-------+----------------------
